 Dungeon Crawl Stone Soup version 0.25-a0-578-gc91f01c39c (webtiles) character file.

Game seed: 1431283473509501409, levelgen mode: deterministic

279 Esekla the Ducker (level 6, 0/29 HPs)
             Began as a Spriggan Artificer on Mar 5, 2020.
             Slain by a hound (5 damage)
             ... on level 3 of the Dungeon on Mar 6, 2020.
             The game lasted 00:29:45 (5626 turns).

Esekla the Ducker (Spriggan Artificer)              Turns: 5626, Time: 00:29:46

Health: 0/29       AC:  3    Str:  8    XL:     6   Next: 5%
Magic:  10/10      EV: 21    Int: 14    God:
Gold:   226        SH:  0    Dex: 17    Spells: 5/5 levels left

rFire    . . .     SeeInvis +   a - +0 short sword
rCold    . . .     Gourm    .   (shield restricted)
rNeg     . . .     Faith    .   b - +0 robe
rPois    .         Spirit   .   (helmet restricted)
rElec    .         Reflect  .   m - +0 cloak
rCorr    .         Harm     .   (gloves unavailable)
MR       +....                  (boots unavailable)
Stlth    +++.......             (no amulet)
HPRegen  0.09/turn              (no ring)
MPRegen  0.12/turn              (no ring)

@: very quick
A: very small, unfitting armour, see invisible, herbivore, speed 3, slow
metabolism 2
a: no special abilities


You were on level 3 of the Dungeon.
You were not hungry.

You visited 1 branch of the dungeon, and saw 4 of its levels.

You collected 226 gold pieces.

Inventory:

Hand Weapons
 a - a +0 short sword (weapon)
 g - a +0 trident
Armour
 b - a +0 robe (worn)
 m - a +0 cloak (worn)
 s - a +0 leather armour
Wands
 c - a wand of flame (15)
 d - a wand of enslavement (15)
 e - a wand of random effects (15)
Scrolls
 i - a scroll of enchant weapon {unknown}
 j - a scroll of fear {unknown}
 k - a scroll of random uselessness {unknown}
 o - a scroll of magic mapping {unknown}
 q - a scroll of amnesia {unknown}
 r - 2 scrolls of blinking {unknown}
 t - a scroll of remove curse {unknown}
Potions
 h - a potion of cancellation
 l - a potion of heal wounds
 n - 2 potions of flight
 p - 2 potions of magic
 u - a potion of curing
 v - a potion of brilliance
 w - a potion of invisibility
Comestibles
 f - 2 rations


   Skills:
 - Level 0.7 Fighting
 * Level 5.0 Short Blades
 * Level 5.6 Dodging
 + Level 3.6 Stealth
 - Level 4.0 Evocations


You had 5 spell levels left.
You didn't know any spells.
Your spell library contained the following spells:

 Spells                   Type           Power        Failure   Level  Hunger
 Confusing Touch          Hex            #.......     65%         3    ####...
 Gell's Gravitas          Tloc           #.........   65%         3    ####...
 Petrify                  Tmut/Erth      #.......     96%         4    #####..
 Metabolic Englaciation   Hex/Ice        #.........   100%        5    ######.
 Yara's Violent Unravell  Hex/Tmut       #.........   100%        5    ######.


Dungeon Overview and Level Annotations

Branches:
Dungeon (4/15)
 Temple: D:4-7

Altars:
Gozag
Vehumet
Yredelemnul


Innate Abilities, Weirdness & Mutations

You are very small and have problems with some larger weapons.
You are too small for most types of armour.
You have supernaturally acute eyesight. (SInv)
You are a herbivore.
You cover ground extremely quickly.
You need to consume almost no food.


Message History

You see here a stone.
The hound completely misses you.
There is an open door here.
The hound closely misses you.
There is a stone staircase leading up here.
You see here a stone.
You barely miss the hound.
The hound is lightly wounded.
The hound misses you.
You hit the hound.
The hound is moderately wounded.
The hound closely misses you.
You closely miss the hound.
The hound is moderately wounded.
The hound bites you but does no damage. The hound bites you.
* * * LOW HITPOINT WARNING * * *
You closely miss the hound.
The hound is moderately wounded.
The hound bites you.
You die...

#.## ####.##########.#'###.# #.#
#.........# #.......# ###.#
#.##>####.# ##.....### ##.#.#
#)#...#.#.# ##.......##
##....#####.##......###.........#
......................'.........'
##....#####.........###.........#
#...#.# #####.#h### ##.......##
#.###.## #.@..# ##.....##
#.###..# ####(# ##..(## ...###.#
#.# ##(## #.####.# #.# #.#
#....#.# ###.#### #.# '.##.#.#
#...†..# ##.##### #..#.#.#
#.#.##.# ##...##.. #.#....#
#.#.##.###.....#.# .....###
#.#.....###...##.#


You could see a hound.

Vanquished Creatures
  A howler monkey (D:3)
  A hound (D:4)
  A centaur skeleton (D:4)
  A hound skeleton (D:4)
  7 adders
  5 worms
  4 dart slugs
  3 leopard geckos
  5 orcs
  4 ball pythons
  2 giant cockroaches
  8 goblins
  7 hobgoblins
  2 jackals (D:2)
  A quokka (D:2)
  14 bats
  3 frilled lizards
  10 kobolds
  5 rats
84 creatures vanquished.

Notes
Turn   | Place    | Note
-------+----------+-------------------------------------------
     0 | D:1      | Esekla the Spriggan Artificer began the quest for the Orb.
     0 | D:1      | Reached XP level 1. HP: 9/9 MP: 4/4
   243 | D:1      | Reached XP level 2. HP: 7/14 MP: 6/6
   906 | D:2      | Reached XP level 3. HP: 10/17 MP: 7/7
  1211 | D:2      | Found an opulent altar of Gozag.
  1211 | D:2      | Found a radiant altar of Vehumet.
  1402 | D:3      | Reached XP level 4. HP: 4/21 MP: 8/8
  3092 | D:2      | Found a basalt altar of Yredelemnul.
  3674 | D:3      | Reached XP level 5. HP: 25/25 MP: 9/9
  4603 | D:3      | Reached skill level 5 in Dodging
  5498 | D:4      | Reached skill level 5 in Short Blades
  5505 | D:4      | Noticed a phantom
  5543 | D:4      | Reached XP level 6. HP: 8/29 MP: 10/10
  5626 | D:3      | Slain by a hound

Levels and vault maps discovered:
D:1:      eino_arrival_cavern_e, layout_basic
D:2:      layout_loops_cross, yredelemnul_altar_generic,
          gammafunk_temple_overflow_pools, dk_noncrumbling_3
D:3:      layout_loops_corners, first_ration, minmay_misc_feat_doors,
          minmay_starry_boxes
D:4:      layout_basic

Skill      XL: |  1  2  3  4  5 |
---------------+----------------+-----
Stealth        | 2 3 |  3.6
Short Blades   | 2 3 4 5 |  5.0
Dodging        | 4 5 |  5.6
Fighting       | |  0.7
Evocations     | |  4.0

Action                   |  1- 3 |  4- 6 || total
-------------------------+-------+-------++-------
Melee: Short sword       |   105 |   353 ||   458
  Use: Scroll            |     3 |     4 ||     7
 Stab: Sleeping          |     6 |     6 ||    12
       Distracted        |       |     3 ||     3
  Eat: Ration            |       |     2 ||     2
Armor: Robe              |     6 |    28 ||    34
Dodge: Dodged            |    90 |   311 ||   401

Table legend:
 A = Non-vault XP
 B = Vault XP
 C = Vault XP percentage of total XP
 D = Non-vault monster count
 E = Vault monster count
 F = Vault count percentage of total count
                 A         B        C        D         E       F
            +---------+---------+-------+---------+---------+-------
      Total |     386 |      13 |   3.3 |      80 |       4 |   4.8
            +---------+---------+-------+---------+---------+-------
        D:1 |      48 |       0 |   0.0 |      20 |       0 |   0.0
        D:2 |      73 |       0 |   0.0 |      22 |       0 |   0.0
        D:3 |     131 |      13 |   9.0 |      32 |       4 |  11.1
        D:4 |     134 |       0 |   0.0 |       6 |       0 |   0.0
            +---------+---------+-------+---------+---------+-------
